 Dungeon Crawl Stone Soup version 0.28-a0-957-g42eb19b844 (webtiles) character file.

Game seed: 609516851319814361

61 croobank the Chopper (level 4, -3/31 HPs)
             Began as an Octopode Cinder Acolyte on Dec 1, 2021.
             Was a High Priest of Ignis.
             Slain by a gnoll (5 damage)
             ... on level 2 of the Dungeon.
             The game lasted 00:04:56 (1510 turns).

croobank the Chopper (Octopode Cinder Acolyte)      Turns: 1510, Time: 00:04:56

Health: -3/31      AC:  1    Str: 13    XL:     4   Next: 7%
Magic:  3/14       EV: 12    Int: 16    God:    Ignis [*****.]
Gold:   54         SH:  0    Dex:  9    Spells: 3/5 levels left

rFire   + . .      SeeInvis .   a - -1 hand axe (flame)
rCold   . . .      Faith    .   (no shield)
rNeg    . . .      Spirit   .   (helmet restricted)
rPois   .          Reflect  .   (no amulet)
rElec   .          Harm     .   d - ring of magical power
rCorr   .          Rampage  .   (no ring)
Will    .....                   (no ring)
Stlth   ++........              (no ring)
HPRegen 0.10/turn               (no ring)
MPRegen 0.14/turn               (no ring)
                                (no ring)
                                (no ring)

@: no status effects
A: almost no armour, amphibious, 8 rings, camouflage 1, gelatinous body 1,
(nimble swimmer 1), tentacles
a: Renounce Religion, Fiery Armour, Foxfire Swarm, Rising Flame


You were on level 2 of the Dungeon.
You worshipped Ignis.
Ignis was extremely pleased with you.
You visited 1 branch of the dungeon, and saw 3 of its levels.

You collected 54 gold pieces.

Inventory:

Hand Weapons
 a - a -1 hand axe of flaming (weapon)
 f - a +0 spear
 g - a +0 mace
 i - a +0 dagger
Missiles
 b - 8 arrows
 j - 15 poisoned darts (quivered)
Jewellery
 d - a ring of magical power (left tentacle)
Scrolls
 c - a scroll of holy word {unknown}
 e - a scroll of enchant armour {unknown}
 k - 2 scrolls of summoning
 l - a scroll of teleportation {unknown}
Potions
 h - a potion of resistance {unknown}
 m - a potion of brilliance {unknown}


   Skills:
 + Level 3.3 Fighting
 + Level 3.8 Axes
 + Level 0.5 Dodging
 + Level 0.9 Stealth
 + Level 1.1 Spellcasting
 + Level 3.4 Fire Magic


You had 3 spell levels left.
You knew the following spells:

 Your Spells              Type           Power      Damage    Failure   Level
a - Scorch                Fire           24%        2d6       9%          2

Your spell library contained the following spells:

 Spells                   Type           Power      Damage    Failure   Level


Dungeon Overview and Level Annotations

Branches:
Dungeon (3/15)

Altars:


Innate Abilities, Weirdness & Mutations

You cannot wear most types of armour.
You are amphibious.
You can wear up to eight rings at the same time.
Your skin changes colour to match your surroundings (Stealth+).
Your rubbery body absorbs attacks. (AC +1, EV +1)
((You are camouflaged near water. (Stealth+)))
You have tentacles for arms and can constrict up to eight enemies at once.


Message History

Casting: Scorch (safe; 9% risk of failure)
Confirm with . or Enter, or press ? or * to list all spells.
Okay, then.
You already know all available spells.
You climb upwards.
The gnoll hits you with a +0 flail!
There is a stone staircase leading down here.
Things that are here:
a +0 dagger; a kobold corpse
Casting: Scorch (safe; 9% risk of failure)
Confirm with . or Enter, or press ? or * to list all spells.
Flames lash the gnoll.
The gnoll is severely wounded.
The gnoll's fire resistance burns away.
The gnoll closely misses you. x2
Casting: Scorch (safe; 9% risk of failure)
Confirm with . or Enter, or press ? or * to list all spells.
Flames lash the gnoll.
The gnoll is burned terribly!
You kill the gnoll!
The gnoll hits you with a +0 flail.
Casting: Scorch (safe; 9% risk of failure)
Confirm with . or Enter, or press ? or * to list all spells.
Flames lash the gnoll.
The gnoll is lightly wounded.
The gnoll's fire resistance burns away.
The gnoll hits you with a +0 flail.
* * * LOW HITPOINT WARNING * * *
Casting: Scorch (safe; 9% risk of failure)
Confirm with . or Enter, or press ? or * to list all spells.
Flames lash the gnoll.
The gnoll is severely wounded.
The gnoll's fire resistance burns away.
The gnoll misses you. The gnoll completely misses you.
Casting: Scorch (safe; 9% risk of failure)
Confirm with . or Enter, or press ? or * to list all spells.
Flames lash the gnoll.
The gnoll is burned terribly!
You kill the gnoll!
The gnoll is no longer more vulnerable to fire.
The gnoll hits you from afar with a +0 spear.
* * * LOW HITPOINT WARNING * * *
You have reached level 4!
The gnoll hits you from afar with a +0 spear.
You die...

#..........# .###
#..........# ..#
#..........# #.#
#..........#
##.#####..........#
#....#..g......#+##
#....#.#######.#.#
#..).#.#######.#g##
#)@..'..........gg.
#....#.##..........
#.g..#.##.####.#.##
#....#### #.#.#
##'###..# #.#.#
#......#. ..#.##
#........ ......
....g)..####...
.....## .....##.#
.#


You could see a gnoll.

Vanquished Creatures
  3 gnolls (D:2)
  A dart slug (D:1)
  3 bats (D:1)
  3 endoplasms (D:1)
  A giant cockroach (D:1)
  3 hobgoblins (D:1)
  3 quokkas
  3 ball pythons (D:1)
  5 goblins
  3 kobolds
  3 rats (D:1)
31 creatures vanquished.

Notes
Turn   | Place    | Note
-------+----------+-------------------------------------------
     0 | D:1      | croobank the Octopode Cinder Acolyte began the quest for
                  | the Orb.
     0 | D:1      | Reached XP level 1. HP: 16/16 MP: 2/2
   265 | D:1      | Reached XP level 2. HP: 21/21 MP: 3/3
   751 | D:1      | Reached XP level 3. HP: 26/26 MP: 4/4
   882 | D:1      | Learned a level 2 spell: Scorch
  1509 | D:2      | HP: 1/26 [gnoll (6)]
  1510 | D:2      | Reached XP level 4. HP: 1/31 MP: 3/5
  1510 | D:2      | Slain by a gnoll

Illustrated notes

Levels and vault maps discovered:
D:1:      minmay_arrival_four_loops, layout_basic,
          chequers_serial_rivers_large_b, hex_tiny
D:2:      layout_basic, nicolae_ecumenical_lake_church
D:3:      layout_loops_corners, kennysheep_generic_room_7

Action                   |  1- 3 |  4- 6 || total
-------------------------+-------+-------++-------
Melee: Hand axe          |    45 |       ||    45
       Tentacles         |     2 |       ||     2
       Constrict         |     3 |       ||     3
Throw: Dart              |     2 |       ||     2
 Cast: Scorch            |    12 |       ||    12
  Use: Scroll            |     1 |       ||     1
 Stab: Sleeping          |     5 |       ||     5
Armor: Skin              |     8 |       ||     8
Dodge: Dodged            |    36 |       ||    36

Table legend: (Time is in decaauts)
 A = Elapsed time spent in this place.
 B = Non-inter-level travel time spent in this place.
 C = Inter-level travel time spent in this place.
 D = Time resting spent in this place.
 E = Time spent auto-exploring this place.
 F = Levels seen in this place.
 G = Mean time per level.
                   A        B        C        D        E       F      G
               +--------+--------+--------+--------+--------+-----+--------+
         Total |   1515 |   1496 |     19 |    364 |    869 |   3 |  505.0 |
       Dungeon |   1515 |   1496 |     19 |    364 |    869 |   3 |  505.0 |
               +--------+--------+--------+--------+--------+-----+--------+

Top non-repeatable levels by time:
     D:1: 1245 daAuts
     D:2: 148 daAuts
     D:3: 122 daAuts
